Map: Acropolis LE

Players

pHARM

  • Race: Zerg Zerg
  • League: Platinum
  • Spawn Location: 11:00

eladwenth - Winner!

  • Race: Terran Terran
  • Spawn Location: 5:00

VOD

Have the link to the VOD?

Description

Time

  • Played on: Aug. 6, 2019, 8:08 p.m.
  • Length: 5:29
Show
View Real Time Build Order
Export as new Build Order

pHARM Zerg 

Build Orders: Hatch First 

Get SALT Encoding   

  12  0:01  Drone  
  13  0:17  Overlord  
  13  0:26  Drone  
  14  0:35  Drone x2  
  16  0:42  Drone  
  17  0:54  Hatchery  
  16  1:01  Drone  
  17  1:15  Evolution Chamber  
  17  1:16  Drone x2  
  18  1:33  Drone x2, Extractor  
  19  1:45  Spawning Pool  
  18  1:48  Drone  
  19  2:00  Drone  
  20  2:07  Overlord  
  20  2:20  Drone x2  
  22  2:32  Drone x3  
  25  2:37  Spore Crawler  
  25  2:40  Zergling x4  
  25  2:41  Queen x2  
  27  3:11  Drone x6  
  33  3:17  Lair  
  33  3:25  Drone  
  33  3:26  Drone  
  35  3:32  Evolution Chamber  
  34  3:43  Baneling Nest  
  34  3:48  Drone x2  
  34  3:50  Overlord x2  
  35  3:58  Overlord x2  
  35  4:07  Queen  
  37  4:16  Evolution Chamber  
  36  4:19  Drone x6  
  42  4:37  Overlord, Drone x2  
  42  4:38  Drone x3  
  47  4:47  Hydralisk Den  
  46  4:53  Extractor  
  46  4:54  Extractor  
Show
View Real Time Build Order
Export as new Build Order

eladwenth Terran - Winner!

Build Orders: Liberator Opening, Reaper Expand 

Get SALT Encoding   

  12  0:00  SCV  
  13  0:12  SCV  
  14  0:19  Supply Depot  
  14  0:24  SCV  
  15  0:40  SCV  
  15  0:42  Barracks  
  16  0:45  Refinery  
  16  0:52  SCV  
  17  1:04  SCV  
  18  1:17  SCV  
  19  1:29  Reaper, Orbital Command  
  20  1:39  Command Center  
  20  1:50  Supply Depot  
  20  1:54  SCV  
  21  2:01  Marine  
  21  2:04  Factory  
  21  2:06  SCV  
  23  2:11  Refinery  
  23  2:18  SCV  
  23  2:22  Barracks Reactor  
  24  2:31  SCV  
  25  2:43  SCV  
  26  2:54  Starport  
  26  2:55  SCV  
  26  2:57  Orbital Command  
  27  3:07  SCV  
  27  3:10  Hellion x2, Barracks Tech Lab  
  32  3:16  Supply Depot  
  32  3:18  Liberator  
  32  3:19  SCV  
  33  3:23  SCV  
  34  3:31  Hellion x2, SCV  
  34  3:32  Marine  
  40  3:38  SCV  
  43  3:48  SCV  
  43  3:50  SCV  
  43  3:52  Hellion  
  43  3:53  Hellion  
  49  4:03  SCV  
  49  4:04  SCV  
  49  4:07  Supply Depot  
  49  4:09  Marine  
  52  4:19  SCV x2  
  52  4:21  Barracks  
  52  4:23  Barracks  
  54  4:27  Factory Tech Lab  
  54  4:28  Marine  
  55  4:31  SCV x2  
  59  4:40  Starport Reactor  
  59  4:43  SCV x2  
  59  4:44  Command Center  
  59  4:52  Marine  
  60  4:55  SCV  
  60  4:57  Engineering Bay  
  60  4:58  Engineering Bay  
  61  5:01  SCV  
  61  5:04  Refinery  
  61  5:06  Refinery  
  62  5:18  Barracks Reactor  
Tags
 
Add a new tag
Caveats
  • Supply blocks, unpowered buildings, or Contaminate may cause inaccurate times.
  • Supply counts are checked every 10 seconds.